 Dungeon Crawl Stone Soup version 0.29.0-5-ge4962eb29e (webtiles) character file.

Game seed: 3014844498544324202

41 sanka the Ruffian (level 3, -1/36 HPs)
             Began as a Troll Monk on Aug 29, 2022.
             Killed from afar by Natasha (9 damage)
             ... with a magic dart
             ... on level 2 of the Dungeon.
             The game lasted 00:01:05 (1030 turns).

sanka the Ruffian (Troll Monk)                      Turns: 1030, Time: 00:01:06

Health: -1/36      AC:  4    Str: 21    XL:     3   Next: 32%
Magic:  2/2        EV: 10    Int:  6    God:
Gold:   64         SH:  0    Dex: 12    Spells: 2/2 levels left

rFire   . . .      SeeInvis .     - Unarmed
rCold   . . .      Faith    .   (no shield)
rNeg    . . .      Spirit   .   a - +0 robe
rPois   .          Reflect  .   (helmet restricted)
rElec   .          Harm     .   (no cloak)
rCorr   .          Rampage  .   (gloves unavailable)
Will    .....                   (boots unavailable)
Stlth   ++........              (no amulet)
HPRegen 0.92/turn               (no ring)
MPRegen 0.08/turn               (no ring)

@: slowed, very slow
A: large, unfitting armour, claws 3, regeneration 1, shaggy fur 1, tough skin 1
a: no special abilities


You were on level 2 of the Dungeon.
You visited 1 branch of the dungeon, and saw 2 of its levels.

You collected 64 gold pieces.


Innate Abilities, Weirdness & Mutations

You are too large for most types of armour.
You have claws for hands.
Your natural rate of healing is unusually fast.
You are covered in fur. (AC +1)
You have tough skin. (AC +1)


   Skills:
 - Level 2.4 Fighting
 - Level 2.4 Dodging
 - Level 1.0 Stealth
 + Level 4.4 Unarmed Combat


You had 2 spell levels left.
You didn't know any spells.
Your spell library contained the following spells:

 Spells                   Type           Power      Damage    Failure   Level
 Magic Dart               Conj           0%         1d3       45%         1
 Searing Ray              Conj           0%         2d4       58%         2
 Sublimation of Blood     Necr           0%         N/A       58%         2
 Wereblood                Tmut           0%         N/A       58%         2
 Frozen Ramparts          Ice            0%         1d1       83%         3
 Fulminant Prism          Conj/Hex       0%         3d6       99%         4
 Ice Form                 Ice/Tmut       0%         N/A       99%         4
 Summon Ice Beast         Ice/Summ       0%         N/A       99%         4
 Summon Hydra             Summ           0%         N/A       100%        7
 Borgnjor's Revivificati  Necr           0%         N/A       100%        8
 Necromutation            Tmut/Necr      0%         N/A       100%        8
 Death's Door             Necr           0%         N/A       100%        9

Inventory:

Armour
 a - a +0 robe (worn)
Scrolls
 e - a scroll of enchant armour {unknown}
 f - a scroll of noise {unknown}
Potions
 b - 2 potions of ambrosia
 c - 2 potions of heal wounds {unknown}
 d - 2 potions of curing {unknown}

Dungeon Overview and Level Annotations

Branches:
Dungeon (2/15)

Altars:

Annotations:
D:2 Natasha

▒.▒ ▒.▒▒...▒▒..▒.▒▒▒
▒.▒ ▒..▒....▒▒.▒>▒ ▒
▒.▒▒▒
▒▒.▒▒....▒.▒▒▒▒▒
▒...▒
▒▒..▒▒...▒..▒...
▒▒▒.▒
.▒▒..▒▒▒)...▒▒▒▒ ▒.▒
.▒▒▒...▒▒▒▒.▒... ▒.▒
.▒ ▒▒▒......▒.▒▒
▒.▒▒▒.▒.▒▒▒▒▒▒.....▒
▒...Th...... ▒▒▒▒▒▒▒
▒▒▒▒▒.▒..... .▒ ▒.▒
.▒ .. .▒ .▒ .▒


You could see Natasha.


Message History

Your claw misses Natasha. Natasha claws you. The grasping roots constrict you.
You scratch Natasha.
Natasha is moderately wounded.
Natasha claws you. The grasping roots constrict you.
You barely miss Natasha.
Natasha is moderately wounded.
Natasha claws you!
* * * LOW HITPOINT WARNING * * *
The grasping roots constrict you.
* * * LOW HITPOINT WARNING * * *
You miss Natasha.
Natasha is moderately wounded.
Natasha claws you.
* * * LOW HITPOINT WARNING * * *
The grasping roots constrict you.
* * * LOW HITPOINT WARNING * * *
The grasping roots release their grip on you.
You scratch Natasha.
Natasha is heavily wounded.
Natasha growls.
Natasha casts a spell at you.
You feel yourself slow down.
You closely miss Natasha.
Natasha is heavily wounded.
Natasha casts a spell at you. The magic dart hits you!
You die...

Action                   || total
-------------------------++-------
Melee: Unarmed           ||    72
       Punch             ||     2
 Stab: Sleeping          ||     4
Armor: Robe              ||    14
Dodge: Dodged            ||    32

Levels and vault maps discovered:
D:1:      saegor_arrival_simple_e, layout_basic, nicolae_ecumenical_lake_church,
          minmay_box_of_dots
D:2:      minmay_evil_eye, layout_loops_corners, minivault_14, uniq_natasha

Notes
Turn   | Place    | Note
-------+----------+-------------------------------------------
     0 | D:1      | sanka the Troll Monk began the quest for the Orb.
     0 | D:1      | Reached XP level 1. HP: 22/22 MP: 0/0
   134 | D:1      | Reached XP level 2. HP: 29/29 MP: 1/1
   292 | D:1      | Reached skill level 4 in Unarmed Combat
   467 | D:1      | Found a faded altar of an unknown god.
   855 | D:2      | Reached XP level 3. HP: 36/36 MP: 2/2
  1021 | D:2      | Noticed Natasha
  1030 | D:2      | Killed from afar by Natasha

Vanquished Creatures
  An adder (D:2)
  A dart slug (D:1)
  3 ball pythons
  2 bats (D:1)
  An endoplasm (D:1)
  2 giant cockroaches (D:1)
  4 goblins
  2 hobgoblins (D:1)
  A jackal (D:2)
  3 kobolds (D:1)
  2 quokkas (D:1)
  2 frilled lizards
  4 rats (D:1)
28 creatures vanquished.
